 Dungeon Crawl Stone Soup version 0.22.1-1-ga44c0e5 (webtiles) character file.

271 Darg the Ruffian (level 6, -5/52 HPs)
             Began as a Draconian Transmuter on Sept 26, 2018.
             Slain by a wyvern (14 damage)
             ... on level 4 of the Dungeon.
             The game lasted 00:12:58 (4148 turns).

Darg the Ruffian (Draconian Transmuter)             Turns: 4148, Time: 00:12:59

Health: -5/52      AC:  7    Str: 12    XL:     6   Next: 2%
Magic:  6/9        EV: 13    Int: 16    God:
Gold:   111        SH:  0    Dex: 11    Spells: 3/9 levels left

rFire    . . .     SeeInvis .     - Unarmed
rCold    + . .     Gourm    .   (no shield)
rNeg     . . .     Faith    .   (armour unavailable)
rPois    .         Spirit   .   (helmet restricted)
rElec    .         Reflect  .   (no cloak)
rCorr    .         Harm     .   r - +0 pair of gloves
MR       .....                  (no boots)
Stlth    +.........             j - amulet of magic regeneration
HPRegen  0.17/turn              e - ring of protection from cold
MPRegen  0.36/turn              (no ring)

@: starving
A: unfitting armour, cold-blooded, AC +6
a: no special abilities


You were on level 4 of the Dungeon.
You were starving.

You visited 1 branch of the dungeon, and saw 4 of its levels.

You collected 111 gold pieces.

Inventory:

Missiles
 a - 34 arrows
Armour
 r - a +0 pair of gloves (worn)
Jewellery
 e - a ring of protection from cold (left hand)
 j - an amulet of magic regeneration (around neck)
Wands
 k - a wand of paralysis (10)
Scrolls
 d - a scroll of magic mapping {unknown}
 i - 3 scrolls of teleportation
 l - 3 scrolls of identify {unknown}
 o - a scroll of fog {unknown}
Potions
 b - a potion of curing {unknown}
 g - a potion of flight {unknown}
 h - a potion of lignification
 m - a potion of agility {unknown}
 p - a potion of degeneration {unknown}
Comestibles
 c - 3 rations


   Skills:
 + Level 3.8 Fighting
 + Level 3.6 Dodging
 + Level 4.5 Unarmed Combat
 - Level 2.0 Spellcasting
 - Level 2.0 Transmutations


You had 3 spell levels left.
You knew the following spells:

 Your Spells              Type           Power        Failure   Level  Hunger
a - Beastly Appendage     Tmut           #.....       9%          1    #......
b - Sticks to Snakes      Tmut           #.......     14%         2    ###....
c - Spider Form           Tmut/Pois      #.........   38%         3    ###....

Your spell library contained the following spells:

 Spells                   Type           Power        Failure   Level  Hunger
 Ice Form                 Ice/Tmut       #.......     80%         4    #####..
 Blade Hands              Tmut           #.........   94%         5    ######.


Dungeon Overview and Level Annotations

Branches:
Dungeon (4/15)
 Temple: D:4-7

Altars:
Fedhas


Innate Abilities, Weirdness & Mutations

Your plain brown scales are hard. (AC +6)
You cannot fit into any form of body armour.
You are cold-blooded and may be slowed by cold attacks.


Message History

Casting: Sticks to Snakes (safe; 14% risk of failure)
Confirm with . or Enter, or press ? or * to list all spells.
You create a snake!
You now have 34 arrows.
You are starving!
The wyvern closely misses you. The wyvern bites you!
* * * LOW HITPOINT WARNING * * *
You don't have the energy to cast that spell.
You swap places.
Your adder barely misses the wyvern.
The wyvern bites your adder!
Your adder dies!
Your adder closely misses the wyvern.
The wyvern bites your adder!
The phantom blinks!
Your adder barely misses the wyvern.
Your adder barely misses the wyvern.
Your adder bites the wyvern.
The wyvern is poisoned.
Your adder poisons the wyvern!
The wyvern closely misses you.
Your adder bites the wyvern.
The wyvern bites you.
* * * LOW HITPOINT WARNING * * *
The wyvern bites you!
You die...

#......................
#.....#.###............
#......<<.#.........# #
#.....#.####.......##.#
#.....#....####.#.....#.##
#....>....)))............+
....#......####'#######.##
#####......# #......#
.....#.#@###......#
####...l...#......#
#.....S...#........
.####+#.......#.........
.............>#.........
##...S.....####.#+##...
#...<.....#
....W....!......
............####


You could see a phantom, a wyvern and 2 friendly adders.

Vanquished Creatures
  A hound (D:4)
  Ijyb (D:3)
  A worker ant (D:4)
  A gnoll (D:3)
  6 adders
  2 oozes (D:1)
  2 worms
  A dart slug (D:1)
  A leopard gecko (D:1)
  An orc (D:3)
  A ball python (D:2)
  9 bats
  9 giant cockroaches
  7 goblins
  7 hobgoblins
  3 jackals (D:2)
  A quokka (D:3)
  5 frilled lizards
  9 kobolds
  8 rats
76 creatures vanquished.

Vanquished Creatures (collateral kills)
  A gnoll shaman (D:4)
  3 gnolls (D:4)
  A bat (D:3)
5 creatures vanquished.

Grand Total: 81 creatures vanquished

Notes
Turn   | Place    | Note
-------+----------+-------------------------------------------
     0 | D:1      | Darg the Draconian Transmuter began the quest for the Orb.
     0 | D:1      | Reached XP level 1. HP: 16/16 MP: 3/3
   250 | D:1      | Reached XP level 2. HP: 12/23 MP: 3/5
   705 | D:1      | Reached XP level 3. HP: 17/29 MP: 6/6
  1482 | D:2      | Reached XP level 4. HP: 27/37 MP: 7/7
  1727 | D:2      | Learned a level 2 spell: Sticks to Snakes
  1731 | D:2      | Learned a level 3 spell: Spider Form
  2621 | D:3      | Noticed Ijyb
  2623 | D:3      | Paralysed by Ijyb for 6 turns
  2632 | D:3      | Paralysed by Ijyb for 7 turns
  2647 | D:3      | Killed Ijyb
  2647 | D:3      | Reached skill level 4 in Unarmed Combat
  2728 | D:3      | Reached XP level 5. HP: 43/45 MP: 8/8
  3231 | D:3      | Found a blossoming altar of Fedhas.
  3871 | D:4      | Reached XP level 6. HP: 11/52 MP: 9/9
  4132 | D:4      | Noticed a wyvern
  4148 | D:4      | Slain by a wyvern

Skill      XL: |  1  2  3  4 |
---------------+-------------+-----
Dodging        | 2 3 |  3.6
Fighting       | 2 3 |  3.8
Unarmed Combat | 4 |  4.5
Spellcasting   | |  2.0
Transmutations | |  2.0

Action                   |  1- 3 |  4- 6 || total
-------------------------+-------+-------++-------
Melee: Unarmed           |   118 |    14 ||   132
       Tailslap          |    20 |    20 ||    40
       Kick              |     3 |       ||     3
       Dagger            |    56 |       ||    56
       Punch             |     3 |     3 ||     6
       Spear             |       |   245 ||   245
 Cast: Beastly Appendage |     3 |       ||     3
       Sticks to Snakes  |       |    15 ||    15
  Use: Scroll            |     2 |     1 ||     3
       Potion            |       |     1 ||     1
 Stab: Sleeping          |       |     3 ||     3
       Distracted        |       |     1 ||     1
  Eat: Chunk             |     2 |     8 ||    10
Armor: Skin              |    51 |    86 ||   137
Dodge: Dodged            |   127 |   176 ||   303
